 Dungeon Crawl Stone Soup version 0.27.0-1-g7a089689b8 (webtiles) character file.

Game seed: 3909502230567553235

528 SnakkuSnakku7 the Grave Robber (level 7, -3/36 HPs)
             Began as a Gargoyle Necromancer on Aug 5, 2021.
             Slain by an ogre (20 damage)
             ... on level 5 of the Dungeon.
             The game lasted 00:11:04 (4120 turns).

SnakkuSnakku7 the Grave Robber (GrNe)               Turns: 4120, Time: 00:11:05

Health: -3/36      AC:  7    Str: 13    XL:     7   Next: 23%
Magic:  7/10       EV: 11    Int: 16    God:
Gold:   252        SH:  4    Dex: 10    Spells: 6/10 levels left

rFire    . . .     SeeInvis .   r - +0 mace
rCold    . . .     Faith    +   l - +0 buckler
rNeg     + . .     Spirit   .   a - +0 robe
rPois    ∞         Reflect  .   (no helmet)
rElec    +         Harm     .   b - +0 cloak
rCorr    .         Rampage  .   (no gloves)
Will     .....                  (no boots)
Stlth    ++........             i - amulet of faith
HPRegen  0.12/turn              (no ring)
MPRegen  0.12/turn              (no ring)

@: no status effects
A: sickness immunity, AC +4, negative energy resistance 1, electricity
resistance, torment resistance 1, petrification resistance
a: no special abilities


You were on level 5 of the Dungeon.
You visited 1 branch of the dungeon, and saw 5 of its levels.

You collected 252 gold pieces.

Inventory:

Hand Weapons
 c - a +0 flail
 d - a +0 club
 h - a +0 short sword of freezing
 j - a +0 trident
 r - a +0 mace (weapon)
Missiles
 u - 14 poisoned darts
Armour
 a - a +0 robe (worn)
 b - a +0 cloak (worn)
 l - a +0 buckler (worn)
 n - a +0 chain mail
 w - a +0 helmet
Jewellery
 i - an amulet of faith (around neck)
Wands
 x - a wand of digging (4)
 y - a wand of mindburst (15)
Scrolls
 e - a scroll of torment {unknown}
 g - a scroll of teleportation {unknown}
 k - a scroll of enchant weapon {unknown}
 p - a scroll of amnesia {unknown}
 s - a scroll of blinking {unknown}
 z - a scroll of summoning {unknown}
Potions
 f - a potion of curing
 m - 2 potions of cancellation {unknown}
 o - 2 potions of ambrosia
 q - 2 potions of lignification {unknown}
 t - a potion of attraction
 v - a potion of might
 A - a potion of degeneration {unknown}


   Skills:
 - Level 1.5 Dodging
 - Level 2.1 Stealth
 - Level 4.0 Shields
 - Level 2.0 Spellcasting
 - Level 5.9 Necromancy
 + Level 1.8 Evocations


You had 6 spell levels left.
You knew the following spells:

 Your Spells              Type           Power      Damage    Failure   Level
a - Pain                  Necr           80%        1d8       1%          1
b - Vampiric Draining     Necr           10%        2d7       5%          3

Your spell library contained the following spells:

 Spells                   Type           Power      Damage    Failure   Level
 Animate Skeleton         Necr           40%        N/A       1%          1
 Animate Dead             Necr           10%        N/A       19%         4
 Sting                    Tmut/Pois      4%         1d3       21%         1
 Passwall                 Tmut/Erth      0%         N/A       30%         2
 Poisonous Vapours        Pois/Air       2%         N/A       30%         2
 Agony                    Necr           20%        N/A       45%         5
 Swiftness                Air            1%         N/A       52%         3
 Olgreb's Toxic Radiance  Pois           1%         N/A       90%         4
 Invisibility             Hex            0%         N/A       100%        6


Dungeon Overview and Level Annotations

Branches:
Dungeon (5/15)
 Temple: D:4-7

Altars:

Annotations:
D:5 5 runed translucent doors


Innate Abilities, Weirdness & Mutations

You are immune to sickness and miasma.
Your stone body is resilient. (AC +4)
You are immune to poison.
You resist negative energy. (rN+)
You are resistant to electric shocks. (rElec)
You are resistant to unholy torment.
You are immune to petrification.


Message History

A white imp is nearby!
Found an escape hatch in the ceiling.
The white imp shouts!
You hear a shout!
The white imp gestures at you. The puff of frost hits you.
You closely miss the white imp.
The white imp hits you but does no damage.
You hit the white imp.
The white imp is lightly wounded.
The white imp hits you but does no damage.
You hit the white imp.
The white imp is moderately wounded.
The white imp barely misses you.
An ogre comes into view. It is wielding a +0 giant club.
The white imp shouts, "Get thee gone, thou wayward common-kissing surfacer!"
You block the white imp's attack.
You hit the white imp but do no damage.
The white imp is moderately wounded.
The white imp hits you. The white imp freezes you.
You closely miss the white imp.
The white imp is moderately wounded.
The white imp gestures at you. The puff of frost hits you!
The white imp gestures at you. The puff of frost misses you.
You hit the white imp.
The white imp is heavily wounded.
The ogre hits you with a +0 giant club!
The white imp hits you but does no damage.
The white imp gestures at you. The puff of frost hits you.
Casting: Vampiric Draining (dangerous; 5% risk of failure)
Confirm with . or Enter, or press ? or * to list all spells.
Aiming: Vampiric Draining (dangerous; 5% risk of failure)
Press: ? - help, Shift-Dir - straight line, f - ogre
Aim: an ogre, wielding a +0 giant club You draw life force from the ogre!
You feel life coursing into your body.
The ogre hits you with a +0 giant club!!
Ouch! That really hurt!
You die...

#. #........##.##.#.#......
#..#...#.##............####
#..............##.#....####
#.###..#.##.##.#...........
# #..#.##.# .#.......####
#.###..#.##.# #.......#
..........##.# #.......#
...##.....##.##.#.##....#
.........5O@.......#.....
##.#.....##.#..#..##.#.#
...#........# ... #.#.#
.#.....###...... . #.#...
<..... . #... .#.#.. .....
....... ..##. .#...... #.
..


You could see an ogre and a white imp.

Vanquished Creatures
  An ogre (D:5)
  A kobold brigand (D:3)
  A hound (D:4)
  A bullfrog zombie (D:3)
  A centaur zombie (D:5)
  3 centaur skeletons
  The ghost of dinky the Sneak, a weakling SpVM (D:4)
  An orc priest (D:4)
  A hound skeleton (D:5)
  6 adders
  An adder skeleton (D:4)
  4 orcs (D:4)
  4 ball pythons
  8 bats
  5 endoplasms
  3 giant cockroaches
  6 goblins
  8 hobgoblins
  9 jackals
  2 quokkas
  A frilled lizard (D:1)
  8 kobolds
  6 rats
82 creatures vanquished.

Notes
Turn   | Place    | Note
-------+----------+-------------------------------------------
     0 | D:1      | SnakkuSnakku7 the Gargoyle Necromancer began the quest for
                  | the Orb.
     0 | D:1      | Reached XP level 1. HP: 10/10 MP: 3/3
   423 | D:1      | Reached XP level 2. HP: 8/15 MP: 3/5
   773 | D:1      | Reached skill level 4 in Necromancy
   878 | D:1      | Reached XP level 3. HP: 6/19 MP: 4/6
   882 | D:1      | Learned a level 3 spell: Vampiric Draining
  1652 | D:2      | Reached XP level 4. HP: 20/24 MP: 7/7
  2300 | D:3      | Reached skill level 5 in Necromancy
  2300 | D:3      | Reached XP level 5. HP: 23/28 MP: 8/8
  2346 | D:3      | Noticed a kobold brigand
  2380 | D:3      | Killed a kobold brigand
  3105 | D:4      | Reached XP level 6. HP: 28/32 MP: 9/9
  3136 | D:4      | Found a runed translucent gate.
  3137 | D:4      | Found a runed translucent gate.
  3138 | D:4      | Found a runed translucent gate.
  3162 | D:4      | Noticed dinky's ghost (weakling SpVM)
  3171 | D:4      | Killed dinky's ghost
  3172 | D:4      | Reached skill level 1 in Shields
  3896 | D:5      | Entered Level 5 of the Dungeon
  3900 | D:5      | Noticed a water moccasin
  3900 | D:5      | Noticed a water moccasin
  3902 | D:5      | Found a runed translucent door.
  3916 | D:5      | Found a runed translucent gate.
  3918 | D:5      | Found the +9 staff of Olgreb {rPois∞}
  3949 | D:5      | Found a runed translucent gate.
  3949 | D:5      | Found a runed translucent gate.
  3949 | D:5      | Noticed a redback
  3950 | D:5      | Found a runed translucent door.
  4045 | D:5      | Reached skill level 1 in Evocations
  4045 | D:5      | Reached XP level 7. HP: 36/36 MP: 1/10
  4120 | D:5      | Slain by an ogre

Illustrated notes

Levels and vault maps discovered:
D:1:      amcnicky_arrival_flooded_fountain, layout_basic
D:2:      layout_loops_corners
D:3:      layout_basic
D:4:      layout_basic, ebering_ghost_rock_garden
D:5:      layout_basic, minmay_temple_entry_ruins,
          minmay_guarded_unrand_staff_of_olgreb

Skill      XL: |  1  2  3  4  5  6 |
---------------+-------------------+-----
Necromancy     | 4 5 |  5.9
Shields        | 4 |  4.0
Evocations     | 1 |  1.8
Dodging        | |  1.5
Stealth        | |  2.1
Spellcasting   | |  2.0

Action                   |  1- 3 |  4- 6 |  7- 9 || total
-------------------------+-------+-------+-------++-------
Melee: Club              |     8 |       |       ||     8
       Unarmed           |     2 |       |       ||     2
       Trident           |    20 |     2 |       ||    22
       Mace              |       |    95 |    19 ||   114
 Cast: Pain              |    63 |    41 |       ||   104
       Vampiric Draining |       |    14 |     1 ||    15
  Use: Scroll            |       |     4 |       ||     4
       Potion            |       |     1 |       ||     1
 Stab: Sleeping          |       |     4 |       ||     4
Armor: Robe              |    20 |    88 |    13 ||   121
Dodge: Dodged            |    33 |    90 |    15 ||   138
Block: Buckler           |       |     4 |     8 ||    12
